 Dungeon Crawl Stone Soup version 0.29-a0-911-g88e6f02907 (webtiles) character file.

Game seed: 7493718926169118031

58 Mesmaeker13 the Caller (level 4, 0/24 HPs)
             Began as a Tengu Summoner on July 25, 2022.
             Succumbed to an adder's poison
             ... on level 2 of the Dungeon.
             The game lasted 00:02:38 (1523 turns).

Mesmaeker13 the Caller (Tengu Summoner)             Turns: 1523, Time: 00:02:38

Health: 0/24       AC:  2    Str: 10    XL:     4   Next: 1%
Magic:  7/9        EV: 13    Int: 15    God:
Gold:   40         SH:  0    Dex: 15    Spells: 5/8 levels left

rFire   . . .      SeeInvis .   d - +0 dagger
rCold   . . .      Faith    .   (no shield)
rNeg    . . .      Spirit   .   a - +0 robe
rPois   .          Reflect  .   (helmet restricted)
rElec   .          Harm     .   (no cloak)
rCorr   .          Rampage  .   (no gloves)
Will    .....                   (boots unavailable)
Stlth   ++........              (no amulet)
HPRegen 0.08/turn               (no ring)
MPRegen 0.11/turn               (no ring)

@: lethally poisoned (0 -> -4)
A: beak, talons 3
a: no special abilities


You were on level 2 of the Dungeon.
You visited 1 branch of the dungeon, and saw 2 of its levels.

You collected 40 gold pieces.

Inventory:

Hand Weapons
 d - a +0 dagger (weapon)
Missiles
 e - 5 poisoned darts (quivered)
Armour
 a - a +0 robe (worn)
 k - a +0 scale mail of cold resistance
Wands
 j - a wand of digging (3)
Scrolls
 c - a scroll of fear {unknown}
 f - a scroll of teleportation {unknown}
 g - a scroll of magic mapping {unknown}
 h - a scroll of fog {unknown}
Potions
 b - a potion of magic


   Skills:
 + Level 3.1 Dodging
 - Level 2.0 Stealth
 + Level 2.7 Spellcasting
 + Level 5.4 Summonings


You had 5 spell levels left.
You knew the following spells:

 Your Spells              Type           Power      Damage    Failure   Level
a - Summon Small Mammal   Summ           72%        N/A       2%          1
b - Call Imp              Summ           18%        N/A       3%          2

Your spell library contained the following spells:

 Spells                   Type           Power      Damage    Failure   Level
 Call Canine Familiar     Summ           18%        N/A       7%          3
 Summon Guardian Golem    Hex/Summ       10%        N/A       21%         3
 Summon Lightning Spire   Summ/Air       10%        N/A       54%         4


Dungeon Overview and Level Annotations

Branches:
Dungeon (2/15)

Altars:


Innate Abilities, Weirdness & Mutations

You have a beak for a mouth.
You have claws for feet.


Message History

Press: ? - help, Q - select action, (/) - cycle Shift-Dir - straight line, f/p - adder
Aim: an adder (heavily wounded, not watching you, ally target, 38% to hit)
You throw a poisoned dart. The poisoned dart hits the adder.
The adder is poisoned.
The adder is heavily wounded.
* * * LOW HITPOINT WARNING * * *
You feel very sick. The adder barely misses you. The adder closely misses you.
Your crimson imp hits the adder but does no damage.
Throw: 7 darts (poison)
Press: ? - help, Q - select action, (/) - cycle Shift-Dir - straight line, f/p - adder
Aim: an adder (heavily wounded, poisoned, ally target, 38% to hit)
You throw a poisoned dart. The poisoned dart hits the adder.
The adder is heavily wounded.
* * * LOW HITPOINT WARNING * * *
You feel sick. The adder misses you.
Your crimson imp blinks!
Throw: 6 darts (poison)
Press: ? - help, Q - select action, (/) - cycle Shift-Dir - straight line, f/p - adder
Aim: an adder (heavily wounded, poisoned, 38% to hit)
You throw a poisoned dart.
The poisoned dart barely misses the adder.
The poisoned dart hits the rat.
The rat is poisoned.
The rat is moderately wounded.
* * * LOW HITPOINT WARNING * * *
You feel sick. The adder misses you.
Unknown command.
You miss the adder. Your kick misses the adder. Your peck misses the adder.
The adder is heavily wounded.
* * * LOW HITPOINT WARNING * * *
You feel sick.
You kill the rat!
The adder bites you but does no damage. x2
You miss the adder.
The adder is severely wounded.
* * * LOW HITPOINT WARNING * * *
You feel sick. The adder closely misses you.
You hit the adder. You peck the adder.
You kill the adder!
You die...

### # ... .
###########.### ###+###
####..............
#....h###..5.....#..##.###
#..>.hr.hh................
#....g###(##.###.#..##.#.#
#.....# #@##.# #.#.#
#....h# #.##.# #.#.#
#.....# #.##.# .. #.#.#
#..[..# #.##.# ...####.#.#
#.....+ ..##.# .....#..#..
#...h.# ####'## ##...#..
#..)#####..#...#
#...'....#.#)..#
###...###.#.#..#.#


You could see 2 jackals and a friendly crimson imp (summoned).

Vanquished Creatures
  An adder (D:2)
  2 ball pythons (D:1)
  5 bats
  A goblin (D:1)
  2 hobgoblins (D:1)
  2 quokkas (D:1)
  2 frilled lizards (D:1)
  4 rats
19 creatures vanquished.

Vanquished Creatures (collateral kills)
  Terence (D:2)
  2 endoplasms
  A hobgoblin (D:1)
  4 jackals
  4 kobolds (D:1)
  A frilled lizard (D:1)
13 creatures vanquished.

Grand Total: 32 creatures vanquished

Notes
Turn   | Place    | Note
-------+----------+-------------------------------------------
     0 | D:1      | Mesmaeker13 the Tengu Summoner began the quest for the Orb.
     0 | D:1      | Reached XP level 1. HP: 10/10 MP: 4/4
   357 | D:1      | Reached skill level 5 in Summonings
   372 | D:1      | Reached XP level 2. HP: 13/15 MP: 4/6
  1235 | D:1      | Reached XP level 3. HP: 18/19 MP: 4/7
  1275 | D:1      | Learned a level 2 spell: Call Imp
  1340 | D:2      | Noticed Terence
  1383 | D:2      | Killed Terence
  1384 | D:2      | Reached XP level 4. HP: 24/24 MP: 1/9
  1468 | D:2      | Identified the +5 mace of the Fool {freeze, Dex+3}
  1521 | D:2      | HP: 1/24 [poisoned by an adder]
  1523 | D:2      | Succumbed to an adder's poison

Illustrated notes

Levels and vault maps discovered:
D:1:      dpeg_arrival_central, layout_rooms, minmay_misc_feat_more_columns,
          grunt_decor_arrowhead
D:2:      layout_basic, interstate_on_off, uniq_jessica, uniq_natasha,
          uniq_terence

Skill      XL: |  1  2  3 |
---------------+----------+-----
Summonings     | 5 |  5.4
Dodging        | 3 |  3.1
Stealth        | |  2.0
Spellcasting   | |  2.7

Action                   |  1- 3 |  4- 6 || total
-------------------------+-------+-------++-------
Melee: Unarmed           |     7 |       ||     7
       Dagger            |    42 |     4 ||    46
       Kick              |    11 |     1 ||    12
       Peck              |     5 |     1 ||     6
Throw: Dart              |     2 |     4 ||     6
 Cast: Summon Small Mamm |    21 |     1 ||    22
       Call Imp          |     5 |     2 ||     7
  Use: Potion            |       |     1 ||     1
 Stab: Sleeping          |     2 |       ||     2
Armor: Robe              |    18 |     3 ||    21
Dodge: Dodged            |    59 |    10 ||    69

Table legend: (Time is in decaauts)
 A = Elapsed time spent in this place.
 B = Non-inter-level travel time spent in this place.
 C = Inter-level travel time spent in this place.
 D = Time resting spent in this place.
 E = Time spent auto-exploring this place.
 F = Levels seen in this place.
 G = Mean time per level.
                   A        B        C        D        E       F      G
               +--------+--------+--------+--------+--------+-----+--------+
         Total |   1522 |   1511 |     11 |    374 |    800 |   2 |  761.0 |
       Dungeon |   1522 |   1511 |     11 |    374 |    800 |   2 |  761.0 |
               +--------+--------+--------+--------+--------+-----+--------+

Top non-repeatable levels by time:
     D:1: 1275 daAuts
     D:2: 246 daAuts
